 Dungeon Sprint DCSS version 0.18-a0-1126-ga2d7f46 (webtiles) character file.

2584 pipel the Unseen (level 9, -7/50 HPs)
             Began as a Vine Stalker Assassin on Jan 20, 2016.
             Was a Follower of Ru.
             Mangled by a komodo dragon (20 damage)
             ... in the Dungeon (Sprint IX: "|||||||||||||||||||||||||||||").
             The game lasted 00:03:18 (313 turns).

pipel the Unseen (Vine Stalker Assassin)             Turns: 313, Time: 00:03:18

Health: -7/50      AC:  6    Str: 14      XL:     9   Next: 58%
Magic:  0/11       EV: 18    Int: 13 (14) God:    Ru [*.....]
Gold:   0          SH:  0    Dex: 19      Spells: 0 memorised, 8 levels left

rFire  . . .     SeeInvis .     a - +4 rapier (drain)
rCold  . . .     Gourm    .     c - +0 robe
rNeg   . . .     Faith    .     (no shield)
rPois  .         Spirit   +     y - +0 helmet {Int+3}
rElec  .         Dismiss  .     d - +0 cloak
rCorr  .         Reflect  .     (no gloves)
SustAt .         Harm     .     (no boots)
MR     +....     NoTele   +     (no amulet)
Stlth  +++++++...               u - +2 ring of evasion
                                t - +2 ring of protection

@: somewhat resistant to hostile enchantments, extremely stealthy
A: fangs 3, deterioration 2, regeneration 2, magic shield, antimagic bite, no
device heal 3, rot immunity, unskilled 1
a: Renounce Religion


You were in the Dungeon.
You worshipped Ru.
Ru was aware of your devotion.
You were not hungry.

You visited 1 branch

Inventory:

Hand Weapons
 a - a +4 rapier of draining (weapon)
 b - a +0 blowgun
 r - a +2 dagger
Missiles
 e - 8 poisoned needles
 f - 2 curare-tipped needles
Armour
 c - a +0 robe (worn)
 d - a +0 cloak (worn)
 s - a +0 helmet
 y - a +0 helmet of intelligence (worn)
Magical Staves
 q - an uncursed staff of energy
Jewellery
 t - a +2 ring of protection (left hand)
 u - a +2 ring of evasion (right hand)
Wands
 p - a wand of draining (2/15)
Scrolls
 m - 2 scrolls of blinking
 n - 4 scrolls of remove curse
 o - 2 scrolls of amnesia
 z - 2 scrolls of fog
 A - 2 scrolls of enchant armour
 B - a scroll of recharging
Potions
 h - 5 potions of curing
 i - 8 potions of heal wounds
 j - a potion of haste
 k - 4 potions of magic
 l - a potion of invisibility
 v - a potion of might
 w - a potion of cure mutation
 x - a potion of brilliance
Comestibles
 g - a bread ration


   Skills:
 * Level 7.4 Fighting
 + Level 5.9 Short Blades
 + Level 4.8 Throwing
 + Level 5.9 Dodging
 + Level 17.9 Stealth
 + Level 2.0 Evocations


You had 8 spell levels left.
You didn't know any spells.

Dungeon Overview and Level Annotations

Branches:
Dungeon (1/1)

Altars:
Cheibriados
Dithmenos
Elyvilon
Fedhas
Gozag
Kikubaaqudgha
Makhleb
Nemelex Xobeh
Okawaru
Pakellas
Qazlal
Ru
Sif Muna
Trog
Vehumet
Xom
Yredelemnul
Zin
The Shining One
Beogh
Jiyva
Lugonu


Innate Abilities, Weirdness & Mutations

You have razor-sharp teeth.
You heal very quickly.
When hurt, damage is shared between your health and your magic reserves.
Your bite disrupts and absorbs the magic of your enemies.
Potions and wands cannot restore your health.
You are immune to rotting.
You are somewhat unskilled (-1 Apt).
Your body often deteriorates upon taking damage.


Message History

You miss the giant frog. You bite the giant frog! You drain its power.
You feel invigorated.
The giant frog is heavily wounded.
The giant frog misses you.
The giant frog hits you but does no damage.
MP restored: 11 You hit the giant frog.
You drain the giant frog! You bite the giant frog. You drain its power.
The giant frog is almost dead.
The giant frog hits you.
You take 2 damage, and have 23/50 hp.
You now have 10/11 mp.
You hit the giant frog.
You kill the giant frog!
MP restored: 11 You hit the komodo dragon but do no damage.
The komodo dragon bites you!
* * * LOW HITPOINT WARNING * * *
You take 10 damage, and have 13/50 hp.
You now have 6/11 mp.
You closely miss the komodo dragon. The komodo dragon bites you!!
You die...

▓▓▓▓▓▓▓▓▓▓▓▓▓▓▓▓▓▓▓▓▓▓▓▓▓▓▓▓▓▓▓▓▓
)...').)..'______________________
▓▓▓▓▓▓▓▓▓▓▓▓▓▓▓▓▓▓▓▓▓▓▓▓▓▓▓▓▓▓▓▓▓
.................................
▓▓▓▓▓▓▓▓▓▓▓▓▓▓▓▓▓▓▓▓▓▓▓▓▓▓▓▓▓▓▓▓▓
.'.......(.....'@lSY.H..
▓▓▓▓▓▓▓▓▓▓▓▓▓▓▓▓▓▓▓▓▓▓▓▓


You could see a komodo dragon, a hippogriff, a water moccasin and a sheep.

Vanquished Creatures
  A hydra (D)
  A centaur warrior (D)
  An ugly thing (D)
  A water moccasin (D)
  An orc warrior (D)
  2 porcupines (D)
  A sky beast (D)
  2 centaurs (D)
  A crocodile (D)
  A giant frog (D)
  A killer bee (D)
  A worker ant (D)
  3 shadow imps (D)
  An adder zombie (D)
  2 orcs (D)
  A bat zombie (D)
  A goblin (D)
  2 jackals (D)
  A kobold (D)
  2 bats (D)
27 creatures vanquished.

Notes
Turn   | Place    | Note
--------------------------------------------------------------
     0 | D        | pipel the Vine Stalker Assassin began the quest for the Orb.
     0 | D        | Reached XP level 1. HP: 11/11 MP: 2/2
     5 | D        | Reached skill level 5 in Stealth
    14 | D        | Reached skill level 6 in Stealth
    19 | D        | Noticed a centaur
    19 | D        | Noticed a centaur
    19 | D        | Noticed a sky beast
    21 | D        | Killed a centaur
    21 | D        | Reached skill level 1 in Dodging
    21 | D        | Reached skill level 10 in Stealth
    21 | D        | Reached XP level 2. HP: 13/16 MP: 3/3
    21 | D        | Reached XP level 3. HP: 16/20 MP: 4/4
    21 | D        | Reached XP level 4. HP: 19/24 MP: 5/5
    34 | D        | Killed a centaur
    34 | D        | Reached skill level 12 in Stealth
    34 | D        | Reached XP level 5. HP: 21/28 MP: 6/6
    42 | D        | Killed a sky beast
    42 | D        | Reached skill level 13 in Stealth
    42 | D        | Gained mutation: You heal very quickly. [Vine Stalker growth]
    42 | D        | Reached XP level 6. HP: 11/33 MP: 4/7
    47 | D        | Gained mutation: Your body sometimes deteriorates upon taking damage. [mutagenic meat]
    48 | D        | Gained mutation: You are frail (-10% HP). [mutagenic meat]
    49 | D        | Gained mutation: Your body often deteriorates upon taking damage. [mutagenic meat]
    53 | D        | Found a glowing silver altar of Zin.
    53 | D        | Found a glowing golden altar of the Shining One.
    53 | D        | Found an ancient bone altar of Kikubaaqudgha.
    53 | D        | Found a basalt altar of Yredelemnul.
    53 | D        | Found a shimmering altar of Xom.
    53 | D        | Found a radiant altar of Vehumet.
    54 | D        | Found an iron altar of Okawaru.
    55 | D        | Found a burning altar of Makhleb.
    56 | D        | Found a deep blue altar of Sif Muna.
    57 | D        | Found a bloodstained altar of Trog.
    58 | D        | Found a sparkling altar of Nemelex Xobeh.
    59 | D        | Found a white marble altar of Elyvilon.
    60 | D        | Found a roughly hewn altar of Beogh.
    61 | D        | Found a viscous altar of Jiyva.
    62 | D        | Found a corrupted altar of Lugonu.
    63 | D        | Found a blossoming altar of Fedhas.
    64 | D        | Found a snail-covered altar of Cheibriados.
    65 | D        | Found a shadowy altar of Dithmenos.
    66 | D        | Found a stormy altar of Qazlal.
    67 | D        | Found an opulent altar of Gozag.
    68 | D        | Found a sacrificial altar of Ru.
    69 | D        | Found an oddly glowing altar of Pakellas.
    76 | D        | Became a worshipper of Ru the Awakened
   100 | D        | Noticed an orc warrior
   100 | D        | Noticed a water moccasin
   122 | D        | Killed an orc warrior
   122 | D        | Reached skill level 14 in Stealth
   124 | D        | Killed a water moccasin
   124 | D        | Reached skill level 5 in Fighting
   124 | D        | Reached skill level 15 in Stealth
   124 | D        | Reached XP level 7. HP: 28/35 MP: 8/8
   156 | D        | Noticed a red ugly thing
   156 | D        | Noticed a centaur warrior
   159 | D        | Killed a red ugly thing
   159 | D        | Reached skill level 5 in Short Blades
   159 | D        | Reached skill level 16 in Stealth
   159 | D        | Gained mutation: You have razor-sharp teeth. [Vine Stalker growth]
   159 | D        | Reached XP level 8. HP: 33/39 MP: 9/9
   161 | D        | Killed a centaur warrior
   161 | D        | Reached skill level 5 in Dodging
   161 | D        | Reached skill level 17 in Stealth
   161 | D        | Reached skill level 1 in Evocations
   173 | D        | Lost mutation: You are frail (-10% HP). [mutagenic meat]
   180 | D        | Gained mutation: You are somewhat unskilled (-1 Apt). [Ru sacrifice]
   180 | D        | Reduced skill Stealth to level 16
   180 | D        | Reached * piety under Ru
   293 | D        | Noticed an eight-headed hydra
   293 | D        | Noticed a komodo dragon
   295 | D        | Killed an eight-headed hydra
   295 | D        | Reached skill level 5 in Dodging
   295 | D        | Reached skill level 17 in Stealth
   295 | D        | Reached XP level 9. HP: 48/50 MP: 11/11
   313 | D        | Mangled by a komodo dragon

Vault maps used:
D:        linesprint

Action                   |  1- 3 |  4- 6 |  7- 9 || total
-------------------------+-------+-------+-------++-------
Melee: Dagger            |    10 |    15 |       ||    25
       Rapier            |       |    22 |    25 ||    47
 Fire: Blowgun           |       |     1 |       ||     1
Invok: Sacrifice Skill   |       |       |     1 ||     1
Evoke: Wand              |       |     2 |     3 ||     5
  Use: Potion            |       |     1 |       ||     1
       Scroll            |       |       |     2 ||     2
 Stab: Sleeping          |     1 |       |     2 ||     3
       Distracted        |       |       |     1 ||     1
  Eat: Chunk             |       |     3 |     1 ||     4
